 Dungeon Crawl Stone Soup version 0.31-a0-1098-g6898e6545c (webtiles) character file.

Game seed: 8850322588588370796

1071 Bnni the Shooter (level 8, 0/38 (42) HPs)
             Began as a Spriggan Hunter on Nov 30, 2023.
             Slain by a gnoll sergeant
             ... wielding a +0 trident
              (12 damage)
             ... on level 5 of the Dungeon.
             The game lasted 00:07:37 (3908 turns).

Bnni the Shooter (Spriggan Hunter)                  Turns: 3908, Time: 00:07:38

HP:   0/38 (42)     AC:  3    Str:  7    XL:     8   Next: 7%
MP:   9/9           EV: 22    Int: 11    God:
Gold: 283           SH:  0    Dex: 20    Spells: 7/7 levels left

rFire   . . .        e - +2 dagger (venom)
rCold   . . .        (no shield)
rNeg    + . .        n - +0 robe {rN+}
rPois   .            (helmet restricted)
rElec   .            o - +0 cloak
rCorr   .            (gloves unavailable)
SInv    +            (boots unavailable)
Will    +....        t - amulet of magic regeneration
Stlth   ++           v - ring of flight
HPRegen 0.26/turn    (no ring)
MPRegen 0.51/turn

%: no passive effects
@: flying, drained, very quick
A: very small, no large weapons, unfitting armour, see invisible, speed 3
a: no special abilities


You were on level 5 of the Dungeon.
You visited 1 branch of the dungeon, and saw 5 of its levels.

You collected 283 gold pieces.

Inventory:

Hand Weapons
 a - a +0 shortbow
 e - a +2 dagger of venom (weapon)
 s - a +0 arbalest
 x - a +1 heavy sling
Missiles
 i - 11 poisoned darts
Armour
 n - a +0 robe of positive energy (worn)
 o - a +0 cloak (worn)
Jewellery
 t - an amulet of magic regeneration (around neck)
 v - a ring of flight (left hand)
 w - a ring of ice
Scrolls
 b - a scroll of butterflies
 d - a scroll of brand weapon {unknown}
 j - 2 scrolls of amnesia {unknown}
 l - 3 scrolls of fog {unknown}
 p - a scroll of fear {unknown}
 q - 2 scrolls of vulnerability
 r - a scroll of silence {unknown}
 y - a scroll of blinking {unknown}
Potions
 f - a potion of heal wounds
 k - 2 potions of berserk rage
 m - 2 potions of might
 u - a potion of cancellation


   Skills:
 + Level 4.1 Fighting
 * Level 7.8 Ranged Weapons
 + Level 6.7 Dodging
 - Level 1.5 Stealth


You had 7 spell levels left.
You didn't know any spells.
Your spell library contained the following spells:

 Spells                   Type           Power      Damage    Failure   Level
 Apportation              Tloc           0%         N/A       34%         1
 Jinxbite                 Hex            0%         N/A       47%         2
 Scorch                   Fire           0%         2d5       47%         2
 Flame Wave               Conj/Fire      0%         2d4       98%         4
 Alistair's Intoxication  Tmut/Pois      0%         N/A       100%        5
 Summon Cactus Giant      Summ           0%         N/A       100%        6


Dungeon Overview and Level Annotations

Branches:
Dungeon (5/15)
 Temple: D:4-7

Altars:
Qazlal
Vehumet
Wu Jian
The Shining One

Shops:
D:2 :


Innate Abilities, Weirdness & Mutations

You are very small and have problems with some larger weapons.
You are too small for most types of armour.
You have supernaturally acute eyesight. (SInv)
You cover ground extremely quickly. (Speed+++)


Message History

HP restored.
There is a stone staircase leading down here.
You see here a potion of degeneration.
Your +2 dagger of venom begins to drip with poison!
e - a +2 dagger of venom (weapon)
You fly downwards.
There is a stone staircase leading up here.
Your +2 dagger of venom stops dripping with poison.
a - a +0 shortbow (weapon)
You shoot an arrow.
The arrow hits the gnoll sergeant but does no damage.
You shoot an arrow.
The arrow closely misses the gnoll sergeant.
You shoot an arrow.
The arrow barely misses the gnoll sergeant.
You shoot an arrow. The arrow hits the gnoll sergeant.
The gnoll sergeant is lightly wounded.
You shoot an arrow. The arrow hits the gnoll sergeant.
The gnoll sergeant is lightly wounded.
The gnoll sergeant completely misses you.
Your +2 dagger of venom begins to drip with poison!
e - a +2 dagger of venom (weapon)
The gnoll sergeant closely misses you.
You hit the gnoll sergeant but do no damage.
The gnoll sergeant is lightly wounded.
The gnoll sergeant hits you with a +0 trident!
You barely miss the gnoll sergeant.
The gnoll sergeant is lightly wounded.
The gnoll sergeant hits you with a +0 trident.
You barely miss the gnoll sergeant.
The gnoll sergeant is lightly wounded.
The gnoll sergeant hits you with a +0 trident.
You hit the gnoll sergeant.
The gnoll sergeant is poisoned.
The gnoll sergeant is moderately wounded.
The gnoll sergeant completely misses you.
You closely miss the gnoll sergeant.
The gnoll sergeant is moderately wounded.
The gnoll sergeant hits you with a +0 trident!
The gnoll sergeant hits you from afar with a +0 trident!
You die...

... ... #.#...... ...##
...#####..##.......###....##.
....#.#............#........
... ..<................#..#
..# #...#..............[..###
..# ...#............>.......
..####.##........?g..|.....#
...#.#..#..#..............##
........#.##....@.##......#
#..###.........<####..#...#
#..####...#....## ########
..##............#
.###........[...... .
#..............#
.................##
...........#.....#
..........##.....#


You could see a gnoll sergeant (very poisoned).

Vanquished Creatures
  Pikel (D:4)
  Blork the orc (D:4)
  A scorpion (D:5)
  5 hounds
  Crazy Yiuf (D:3)
  2 iguanas (D:4)
  An orc priest (D:4)
  Jessica (D:3)
  Robin (D:2)
  6 adders
  5 gnolls
  A shadow imp (D:5)
  A white imp (D:4)
  4 worms
  2 dart slugs
  6 orcs
  8 ball pythons
  5 bats
  3 endoplasms
  A giant cockroach (D:4)
  13 goblins
  9 hobgoblins
  4 jackals
  5 quokkas
  4 frilled lizards
  8 kobolds
  4 rats
103 creatures vanquished.

Notes
Turn   | Place    | Note
-------+----------+-------------------------------------------
     0 | D:1      | Bnni the Spriggan Hunter began the quest for the Orb.
     0 | D:1      | Reached XP level 1. HP: 10/10 MP: 2/2
   207 | D:1      | Reached XP level 2. HP: 13/15 MP: 3/3
   846 | D:2      | Found Eniepnem's Book Shoppe.
   944 | D:2      | Reached XP level 3. HP: 16/18 MP: 4/4
  1331 | D:2      | Noticed Robin
  1418 | D:2      | Killed Robin
  1549 | D:2      | Reached XP level 4. HP: 23/23 MP: 5/5
  1570 | D:3      | Found a faded altar of an unknown god.
  1679 | D:3      | Reached skill level 5 in Ranged Weapons
  1700 | D:3      | Found a stormy altar of Qazlal.
  1810 | D:3      | Found an ornate altar of the Wu Jian Council.
  1819 | D:3      | Noticed Jessica
  1828 | D:3      | Killed Jessica
  2012 | D:3      | Found a radiant altar of Vehumet.
  2302 | D:3      | Found a runed translucent door.
  2303 | D:3      | Noticed Crazy Yiuf
  2349 | D:3      | Killed Crazy Yiuf
  2350 | D:3      | Reached XP level 5. HP: 27/27 MP: 6/6
  2562 | D:4      | Noticed Blork the orc
  2580 | D:4      | Killed Blork the orc
  2705 | D:4      | Found a glowing golden altar of the Shining One.
  2786 | D:4      | Reached XP level 6. HP: 26/32 MP: 7/7
  2945 | D:4      | Reached skill level 6 in Ranged Weapons
  3030 | D:4      | Noticed Pikel
  3096 | D:4      | Killed Pikel
  3097 | D:4      | Reached skill level 7 in Ranged Weapons
  3097 | D:4      | Reached XP level 7. HP: 37/37 MP: 8/8
  3477 | D:5      | Entered Level 5 of the Dungeon
  3756 | D:5      | Reached XP level 8. HP: 42/42 MP: 9/9
  3908 | D:5      | Slain by a gnoll sergeant

Illustrated notes

Levels and vault maps discovered:
D:1:      grunt_arrival_crossed_arrows, layout_basic
D:2:      layout_basic, serial_shops, nicolae_shop_just_a_little_nook,
          uniq_robin
D:3:      layout_basic, nicolae_qazlal_scattered_showers,
          mainiacjoe_overflow_six_doors_small, old_standard_altar, serial_bayou,
          serial_bayou_shore_a, serial_bayou_pond_b, serial_bayou_crossing,
          serial_bayou_pond_d, serial_bayou_lagoon_a, basic_ecumenical_altar,
          uniq_crazy_yiuf_cottage, uniq_jessica
D:4:      layout_basic, mainiacjoe_overflow_paths, minmay_misc_feat_alley,
          palyth_stone_intersect, chequers_serial_rivers_micro_e,
          chequers_serial_rivers_small_a, uniq_pikel, uniq_blork_the_orc
D:5:      layout_cave_pools, serial_gnoll_camp, gnoll_camp_huts_basic,
          gnoll_camp_mini_shop, gnoll_camp_mini_basic, gnoll_camp_mini_doghouse,
          uniq_duvessa

Skill      XL: |  1  2  3  4  5  6  7 |
---------------+----------------------+-----
Dodging        | 3 4 6 |  6.7
Fighting       | 2 3 4 |  4.1
Ranged Weapons | 5 7 |  7.8
Stealth        | |  1.5

Action                     |  1- 3 |  4- 6 |  7- 9 || total
---------------------------+-------+-------+-------++-------
  Melee: Dagger            |     1 |    10 |    31 ||    42
   Fire: Shortbow          |   120 |   156 |    87 ||   363
    Use: Scroll            |       |       |     7 ||     7
 Armour: Robe              |    17 |     8 |    25 ||    50
  Dodge: Dodged            |    54 |    24 |    74 ||   152

Table legend: (Time is in decaauts)
 A = Elapsed time spent in this place.
 B = Non-inter-level travel time spent in this place.
 C = Inter-level travel time spent in this place.
 D = Time resting spent in this place.
 E = Time spent auto-exploring this place.
 F = Levels seen in this place.
 G = Mean time per level.
                   A        B        C        D        E       F      G
               +--------+--------+--------+--------+--------+-----+--------+
         Total |   2799 |   2699 |    100 |    201 |   1744 |   5 |  559.8 |
       Dungeon |   2799 |   2699 |    100 |    201 |   1744 |   5 |  559.8 |
               +--------+--------+--------+--------+--------+-----+--------+

Top non-repeatable levels by time:
     D:4: 978 daAuts
     D:3: 610 daAuts
     D:2: 588 daAuts
     D:1: 472 daAuts
     D:5: 149 daAuts
